General information
			
			
        
        - name: BNet
 
        - type: Ladder team game (AT/RT)
 
        - host: Battle.net
 
        - saver: iggy_the_fisk
 
        
map: Highperch 
        - players: 6
 
        - length: 21:48
 
        - speed: Fast
 - version: 1.22 W3XP
 - replay type:  

 
» download(174 KB)
Players
        team 1 (winner) 
              
              
BEAR_AND (
teal | 132 APM | 2878 actions | 21:48)
              
 4 Archmage 
 2 Blizzard
 2 Brilliance Aura
 
                » actions 
                
                | Assign group hotkey | 10 |  | 
| Basic commands | 7 |  | 
| Build / train | 91 |  | 
| Enter build submenu | 55 |  | 
| Enter hero's abilities submenu | 5 |  | 
| Give item / drop item | 2 |  | 
| Right click | 1753 |  | 
| Select / deselect | 286 |  | 
| Select group hotkey | 539 |  | 
| Use ability | 130 |  | 
                2878 total
 » units 
                
                | Peasant | 24 |  | 
| Dragonhawk Rider | 5 |  | 
                29 total
 » upgrades
                
                | Masonry | 3 |  | 
| Lumber Harvesting | 2 |  | 
| Magic Sentry | 1 |  | 
| Swords | 1 |  | 
| Armor | 1 |  | 
                8 total
 » buildings
                
                | Altar of Kings | 1 |  | 
| Farm | 6 |  | 
| Lumber Mill | 3 |  | 
| Scout Tower | 34 |  | 
| Arcane Tower | 4 |  | 
| Guard Tower | 24 |  | 
| Keep | 3 |  | 
| Arcane Vault | 2 |  | 
| Town Hall | 1 |  | 
| Arcane Sanctum | 1 |  | 
| Castle | 1 |  | 
| Gryphon Aviary | 4 |  | 
| Blacksmith | 1 |  | 
| Barracks | 1 |  | 
                86 total
 » build order
                00:20 Altar of Kings
00:33 Farm
00:53 Lumber Mill
01:03 Farm
01:33 Scout Tower
01:51 Scout Tower
02:03 Scout Tower
02:07 Arcane Tower
02:08 Arcane Tower
02:32 Arcane Tower
02:32 Arcane Tower
02:40 Scout Tower
02:53 Guard Tower
02:53 Guard Tower
02:53 Guard Tower
02:59 Scout Tower
03:10 Guard Tower
03:10 Guard Tower
03:10 Guard Tower
03:27 Scout Tower
03:29 Guard Tower
03:31 Scout Tower
03:33 Scout Tower
03:46 Scout Tower
04:15 Keep
04:20 Guard Tower
04:31 Guard Tower
04:36 Scout Tower
04:41 Scout Tower
04:45 Guard Tower
04:49 Scout Tower
04:50 Scout Tower
04:59 Scout Tower
05:04 Guard Tower
05:06 Scout Tower
05:16 Guard Tower
05:27 Guard Tower
05:29 Scout Tower
05:34 Guard Tower
05:35 Scout Tower
05:53 Scout Tower
06:06 Arcane Vault
07:21 Town Hall
07:36 Guard Tower
07:38 Arcane Sanctum
07:40 Scout Tower
08:14 Scout Tower
08:43 Scout Tower
09:14 Guard Tower
09:15 Scout Tower
09:16 Scout Tower
09:44 Castle
09:45 Guard Tower
09:45 Guard Tower
10:46 Gryphon Aviary
10:47 Gryphon Aviary
10:49 Scout Tower
10:50 Scout Tower
12:07 Guard Tower
12:07 Guard Tower
13:04 Scout Tower
13:05 Scout Tower
13:12 Farm
13:32 Guard Tower
13:43 Blacksmith
13:44 Barracks
14:56 Scout Tower
15:01 Scout Tower
15:02 Scout Tower
16:48 Arcane Vault
16:55 Gryphon Aviary
16:56 Scout Tower
16:57 Scout Tower
16:59 Gryphon Aviary
17:35 Guard Tower
18:00 Guard Tower
18:07 Scout Tower
18:08 Scout Tower
18:26 Farm
18:26 Farm
18:27 Farm
18:28 Keep
20:17 Lumber Mill
21:28 Lumber Mill
» items
                
                | Boots of Speed | 1 |  | 
| Staff of Teleportation | 1 |  | 
| Lesser Clarity Potion | 1 |  | 
| Scroll of Regeneration | 2 |  | 
| Healing Salve | 1 |  | 
| Scroll of Town Portal | 4 |  | 
| Staff of Sanctuary | 1 |  | 
| Orb of Lightning | 1 |  | 
| Potion of Healing | 3 |  | 
                15 total
  
               
              
              
blinn (
pink | 95 APM | 2069 actions | 21:48)
              
 4 Blademaster 
 2 Wind Walk
 2 Critical Strike
 2 Pandaren Brewmaster 
 1 Breath of Fire
 1 Drunken Haze
 
                » actions 
                
                | Assign group hotkey | 118 |  | 
| Basic commands | 7 |  | 
| Build / train | 60 |  | 
| ESC pressed | 1 |  | 
| Enter build submenu | 39 |  | 
| Enter hero's abilities submenu | 6 |  | 
| Give item / drop item | 2 |  | 
| Remove unit from queue | 1 |  | 
| Right click | 1201 |  | 
| Select / deselect | 283 |  | 
| Select group hotkey | 222 |  | 
| Use ability | 129 |  | 
                2069 total
 » units 
                » upgrades
                
                | Spiked Barricades | 1 |  | 
| Armor | 0 |  | 
| Ranged Weapons | 1 |  | 
| Liquid Fire | 1 |  | 
| Reinforced Defenses | 1 |  | 
                4 total
 » buildings
                
                | Altar of Storms | 1 |  | 
| Orc Burrow | 4 |  | 
| War Mill | 1 |  | 
| Watch Tower | 32 |  | 
| Stronghold | 2 |  | 
| Voodoo Lounge | 2 |  | 
| Beastiary | 2 |  | 
| Fortress | 2 |  | 
| Great Hall | 1 |  | 
                47 total
 » build order
                00:03 Altar of Storms
00:11 Orc Burrow
00:33 War Mill
01:49 Watch Tower
02:00 Watch Tower
02:22 Watch Tower
02:28 Orc Burrow
03:08 Watch Tower
03:42 Watch Tower
04:15 Stronghold
04:15 Stronghold
04:17 Watch Tower
04:42 Orc Burrow
04:53 Watch Tower
05:08 Voodoo Lounge
05:14 Voodoo Lounge
06:48 Beastiary
06:49 Beastiary
06:59 Fortress
06:59 Fortress
07:04 Watch Tower
07:05 Watch Tower
07:10 Watch Tower
07:24 Watch Tower
10:57 Orc Burrow
14:00 Watch Tower
14:00 Watch Tower
14:01 Watch Tower
14:02 Watch Tower
14:03 Watch Tower
14:03 Watch Tower
17:16 Watch Tower
17:17 Watch Tower
17:17 Watch Tower
17:19 Watch Tower
17:19 Watch Tower
17:20 Watch Tower
18:28 Watch Tower
19:17 Great Hall
20:14 Watch Tower
20:14 Watch Tower
20:46 Watch Tower
21:35 Watch Tower
21:36 Watch Tower
21:36 Watch Tower
21:39 Watch Tower
21:40 Watch Tower
» items
                
                | Healing Salve | 2 |  | 
| Lesser Clarity Potion | 5 |  | 
| Boots of Speed | 1 |  | 
| Staff of Teleportation | 1 |  | 
| Scroll of Speed | 1 |  | 
| Orb of Lightning | 2 |  | 
                12 total
  
               
              
              
» 
iggy_the_fisk (
yellow | 83 APM | 1802 actions | 21:48)
              
 3 Mountain King 
 2 Storm Bolt
 1 Bash
 2 Paladin 
 1 Holy Light
 1 Divine Shield
 
                » actions 
                
                | Assign group hotkey | 113 |  | 
| Basic commands | 10 |  | 
| Build / train | 92 |  | 
| Enter build submenu | 71 |  | 
| Enter hero's abilities submenu | 5 |  | 
| Right click | 837 |  | 
| Select / deselect | 269 |  | 
| Select group hotkey | 270 |  | 
| Use ability | 135 |  | 
                1802 total
 » units 
                » upgrades
                
                | Masonry | 3 |  | 
| Lumber Harvesting | 2 |  | 
| Magic Sentry | 1 |  | 
| Storm Hammers | 1 |  | 
                7 total
 » buildings
                
                | Altar of Kings | 1 |  | 
| Lumber Mill | 1 |  | 
| Farm | 8 |  | 
| Scout Tower | 57 |  | 
| Arcane Tower | 1 |  | 
| Guard Tower | 30 |  | 
| Keep | 1 |  | 
| Arcane Vault | 2 |  | 
| Town Hall | 4 |  | 
| Castle | 1 |  | 
| Arcane Sanctum | 1 |  | 
| Gryphon Aviary | 1 |  | 
| Blacksmith | 1 |  | 
                109 total
 » build order
                00:26 Altar of Kings
00:42 Lumber Mill
00:50 Farm
01:03 Farm
01:40 Scout Tower
01:46 Farm
02:13 Scout Tower
02:14 Arcane Tower
02:30 Scout Tower
02:44 Guard Tower
02:46 Scout Tower
02:58 Scout Tower
03:13 Guard Tower
03:13 Guard Tower
03:14 Scout Tower
03:46 Guard Tower
03:47 Scout Tower
03:48 Scout Tower
05:04 Keep
05:11 Guard Tower
05:12 Scout Tower
05:14 Guard Tower
05:17 Arcane Vault
06:52 Town Hall
07:07 Scout Tower
07:08 Guard Tower
07:09 Scout Tower
08:22 Castle
08:25 Guard Tower
09:20 Scout Tower
09:22 Guard Tower
09:24 Arcane Vault
09:42 Arcane Sanctum
09:50 Guard Tower
09:54 Scout Tower
10:41 Scout Tower
11:26 Scout Tower
11:32 Scout Tower
12:09 Scout Tower
12:10 Guard Tower
12:21 Guard Tower
12:22 Scout Tower
12:24 Scout Tower
12:44 Guard Tower
12:45 Scout Tower
13:02 Guard Tower
13:03 Scout Tower
13:04 Scout Tower
13:10 Scout Tower
13:11 Scout Tower
13:12 Scout Tower
13:14 Scout Tower
13:15 Scout Tower
13:19 Scout Tower
13:20 Scout Tower
13:25 Guard Tower
13:30 Scout Tower
13:31 Scout Tower
13:32 Scout Tower
13:44 Guard Tower
13:46 Guard Tower
13:52 Scout Tower
13:53 Scout Tower
14:11 Scout Tower
14:12 Scout Tower
14:18 Guard Tower
14:20 Scout Tower
14:20 Scout Tower
14:23 Scout Tower
14:24 Scout Tower
14:34 Guard Tower
14:42 Guard Tower
14:53 Farm
14:53 Farm
15:07 Guard Tower
15:08 Scout Tower
15:09 Scout Tower
15:10 Scout Tower
15:11 Scout Tower
15:13 Guard Tower
15:14 Scout Tower
15:15 Scout Tower
15:24 Farm
15:40 Town Hall
15:44 Farm
15:48 Farm
15:49 Guard Tower
15:57 Guard Tower
16:42 Town Hall
16:43 Guard Tower
17:11 Gryphon Aviary
17:18 Guard Tower
17:58 Scout Tower
17:59 Scout Tower
17:59 Scout Tower
18:00 Scout Tower
18:01 Scout Tower
18:02 Scout Tower
18:02 Scout Tower
18:08 Blacksmith
19:46 Guard Tower
19:50 Town Hall
20:18 Guard Tower
20:33 Guard Tower
21:34 Scout Tower
21:35 Scout Tower
21:37 Scout Tower
21:39 Guard Tower
21:40 Scout Tower
» items
                
                | Healing Salve | 1 |  | 
| Scroll of Town Portal | 2 |  | 
| Scroll of Regeneration | 3 |  | 
| Staff of Sanctuary | 1 |  | 
| Boots of Speed | 1 |  | 
| Staff of Teleportation | 1 |  | 
| Potion of Healing | 1 |  | 
| Orb of Lightning | 1 |  | 
                11 total
  
               team 2 (loser) 
              
              
KoreaKoreaKorea (
blue | 137 APM | 2858 actions | 20:47)
              
 2 Dreadlord 
 1 Sleep
 1 Vampiric Aura
 
                » actions 
                
                | Assign group hotkey | 46 |  | 
| Basic commands | 65 |  | 
| Build / train | 62 |  | 
| Enter build submenu | 16 |  | 
| Enter hero's abilities submenu | 2 |  | 
| Remove unit from queue | 7 |  | 
| Right click | 610 |  | 
| Select / deselect | 365 |  | 
| Select group hotkey | 1627 |  | 
| Use ability | 58 |  | 
                2858 total
 » units 
                
                | Acolyte | 3 |  | 
| Ghoul | 14 |  | 
| Necromancer | 12 |  | 
| Meatwagon | 5 |  | 
| Obsidian Statue | 2 |  | 
| Crypt Fiend | 7 |  | 
                43 total
 » upgrades
                
                | Necromancer Training | 1 |  | 
| Skeletal Longevity | 1 |  | 
| Exhume Corpses | 1 |  | 
| Ghoul Frenzy | 1 |  | 
| Web | 1 |  | 
                5 total
 » buildings
                
                | Crypt | 1 |  | 
| Ziggurat | 7 |  | 
| Altar of Darkness | 1 |  | 
| Graveyard | 1 |  | 
| Tomb of Relics | 1 |  | 
| Halls of the Dead | 1 |  | 
| Nerubian Tower | 1 |  | 
| Temple of the Damned | 1 |  | 
| Slaughterhouse | 1 |  | 
| Black Citadel | 1 |  | 
| Sacrificial Pit | 1 |  | 
| Spirit Tower | 2 |  | 
| Necropolis | 1 |  | 
                20 total
 » build order
                00:19 Crypt
00:21 Ziggurat
00:37 Altar of Darkness
01:05 Graveyard
01:21 Tomb of Relics
02:06 Ziggurat
03:10 Halls of the Dead
03:44 Nerubian Tower
04:55 Ziggurat
05:27 Ziggurat
05:34 Temple of the Damned
05:58 Slaughterhouse
07:11 Black Citadel
09:46 Ziggurat
09:55 Sacrificial Pit
14:12 Ziggurat
14:13 Spirit Tower
17:40 Necropolis
18:40 Ziggurat
18:48 Spirit Tower
19:25 Halls of the Dead
» items
                
                | Rod of Necromancy | 4 |  | 
| Dust of Appearance | 1 |  | 
                5 total
  
               
              
              
» 
S1ICK82 (
red | 105 APM | 2295 actions | 21:47)
              
 4 Death Knight 
 2 Death Coil
 2 Unholy Aura
 3 Lich 
 2 Frost Nova
 1 Dark Ritual
 1 Priestess of the Moon 
 1 Scout
 
                » actions 
                
                | Assign group hotkey | 34 |  | 
| Basic commands | 272 |  | 
| Build / train | 55 |  | 
| Enter build submenu | 17 |  | 
| Enter hero's abilities submenu | 8 |  | 
| Remove unit from queue | 1 |  | 
| Right click | 740 |  | 
| Select / deselect | 470 |  | 
| Select group hotkey | 594 |  | 
| Use ability | 104 |  | 
                2295 total
 » units 
                
                | Acolyte | 2 |  | 
| Ghoul | 2 |  | 
| Crypt Fiend | 8 |  | 
| Meatwagon | 7 |  | 
| Obsidian Statue | 4 |  | 
| Abomination | 2 |  | 
                25 total
 » upgrades
                
                | Creature Attack | 1 |  | 
| Burrow | 1 |  | 
| Web | 1 |  | 
| Disease Cloud | 1 |  | 
| Destroyer Form | 1 |  | 
                5 total
 » buildings
                
                | Graveyard | 1 |  | 
| Crypt | 1 |  | 
| Ziggurat | 8 |  | 
| Altar of Darkness | 1 |  | 
| Tomb of Relics | 1 |  | 
| Halls of the Dead | 3 |  | 
| Black Citadel | 1 |  | 
| Slaughterhouse | 2 |  | 
| Spirit Tower | 3 |  | 
                21 total
 » build order
                00:16 Graveyard
00:24 Crypt
00:45 Ziggurat
01:03 Altar of Darkness
01:41 Ziggurat
01:48 Tomb of Relics
03:03 Halls of the Dead
03:03 Halls of the Dead
04:30 Ziggurat
06:05 Black Citadel
06:56 Slaughterhouse
07:00 Slaughterhouse
08:48 Ziggurat
08:51 Ziggurat
14:08 Spirit Tower
14:09 Spirit Tower
14:13 Spirit Tower
17:16 Ziggurat
17:18 Ziggurat
17:22 Ziggurat
» items
                
                | Rod of Necromancy | 2 |  | 
| Dust of Appearance | 1 |  | 
                3 total
  
               
              
              
TheDarkKnight (
purple | 49 APM | 1013 actions | 20:49)
              
 3 Priestess of the Moon 
 2 Trueshot Aura
 1 Scout
 3 Keeper of the Grove 
 2 Entangling Roots
 1 Thorns Aura
 
                » actions 
                
                | Assign group hotkey | 24 |  | 
| Basic commands | 84 |  | 
| Build / train | 36 |  | 
| ESC pressed | 5 |  | 
| Enter build submenu | 18 |  | 
| Enter hero's abilities submenu | 6 |  | 
| Right click | 246 |  | 
| Select / deselect | 184 |  | 
| Select group hotkey | 362 |  | 
| Use ability | 48 |  | 
                1013 total
 » units 
                
                | Wisp | 9 |  | 
| Huntress | 5 |  | 
| Glaive Thrower | 9 |  | 
| Mountain Giant | 3 |  | 
                26 total
 » buildings
                
                | Altar of Elders | 1 |  | 
| Moon Well | 4 |  | 
| Hunter's Hall | 1 |  | 
| Ancient of War | 2 |  | 
| Tree of Ages | 1 |  | 
| Ancient of Wonders | 1 |  | 
| Ancient of Lore | 3 |  | 
| Tree of Eternity | 1 |  | 
| Tree of Life | 1 |  | 
| Ancient Protector | 3 |  | 
                18 total
 » build order
                00:06 Altar of Elders
00:22 Moon Well
01:24 Hunter's Hall
01:39 Ancient of War
01:54 Moon Well
02:39 Moon Well
03:22 Tree of Ages
03:44 Ancient of Wonders
05:35 Moon Well
06:18 Ancient of Lore
06:20 Tree of Eternity
06:46 Ancient of Lore
12:22 Ancient of Lore
13:01 Ancient of War
13:03 Tree of Life
14:32 Ancient Protector
14:35 Ancient Protector
14:39 Ancient Protector
 
                Chat log
          
(01:39 / Allies) blinn: what do you call a magician who checks you out for drugs?... a narcmage
(07:00 / All) iggy_the_fisk: hey hello
(07:29 / All) KoreaKoreaKorea: lame
(08:23 / All) KoreaKoreaKorea: what would you do without towers
(08:24 / All) KoreaKoreaKorea: :O
(08:28 / All) iggy_the_fisk: b
(08:29 / All) blinn: play undead
(08:34 / All) BEAR_AND: fight the imbalance
(08:44 / All) iggy_the_fisk: probably just beat you as detailed on www.highper.ch
(08:48 / All) iggy_the_fisk: check out the 1.21 section ty
(08:57 / All) KoreaKoreaKorea: ya no thanks
(09:00 / All) KoreaKoreaKorea: big waste of time
(09:11 / All) blinn: i don't watch replays of my losses either
(09:12 / All) iggy_the_fisk: Much like you playing this game so
(10:21 / All) iggy_the_fisk: huntafiend in 2s and 3s wow
(10:25 / All) iggy_the_fisk: you ever get bored
(10:36 / All) iggy_the_fisk: making the same unit every single game youe ver play
(16:30 / All) iggy_the_fisk: wow korea
(16:31 / All) iggy_the_fisk: you noob?
(16:55 / All) iggy_the_fisk: SWEET SURR
(17:28 / All) KoreaKoreaKorea: yea im noob, i read strats online, that other ppl make, and then copy them, necaus eof my proness
(17:38 / All) iggy_the_fisk: yep
(17:39 / All) BEAR_AND: hmm
(17:41 / All) iggy_the_fisk: that's the huntafiend
(17:41 / All) BEAR_AND: lmao
(17:42 / All) blinn: where did you read about huntafiend?
(17:44 / All) iggy_the_fisk: you want some original strats
(17:47 / All) iggy_the_fisk: check out www.highper.ch
(17:51 / All) BEAR_AND: http://highper.ch
(18:28 / All) KoreaKoreaKorea: try www.origionalstrats.imagination/skills.uhave none
(18:47 / All) iggy_the_fisk: sorry you weren't good enough
(18:53 / All) iggy_the_fisk: we'd show you our highperch invented by clan towa
(18:58 / All) iggy_the_fisk: www.highper.ch read all about it
(19:05 / All) iggy_the_fisk: or perhaps the reverse gilderbase?
(20:13 / All) iggy_the_fisk: ty for the free win
(20:51 / All) blinn: gg shitnoobs
(20:57 / All) iggy_the_fisk: surprise
(21:01 / All) iggy_the_fisk: an undead stays last
(21:09 / All) iggy_the_fisk: wont leave til his dk gone
(21:13 / All) blinn: "maybe my shitty army can beat their 10000 gold"
(21:13 / All) iggy_the_fisk: yes your heronuke will save you
(21:15 / All) iggy_the_fisk: and win this game
(21:16 / All) blinn: the answer is no it can't
(21:25 / All) iggy_the_fisk: stay longer
(21:28 / All) iggy_the_fisk: enjoy this game red shitnoob
(21:39 / All) BEAR_AND: lose hero to tower
(21:40 / All) BEAR_AND: nice
(21:43 / All) blinn: rofl
(21:43 / All) S1ICK82: >.,
(21:47 / All) BEAR_AND: QUIT